Workbook

Sheet LIST A - P&G
A1: BILL OF QUANTITIES
A2: SAVANNA CITY 88kV SWITCHING STATION - ESKOM
A3: LIST A: PRELIMINARY AND GENERAL
A4: Note: No tender will be considered if the provided bill of quantities is not fully completed. The quantities provided are estimated figures and are subject to change. Ensure all rates are priced. Contractor to confirm quantities and submit an ordering schedule to the Engineer before any equipment orders are placed.
A5: ITEM | B5: DESCRIPTION | C5: REF. | D5: UNIT | E5: QTY | F5: RATE | G5: TOTAL
A6: 1. | B6: PRELIMINARIES AND GENERAL
B7: Amount allowed for all expenses, regarding the following: | G7: =E7*(F7) -> 0
A8: 1.1 | B8: CONTRACTUAL REQUIREMENTS - FIXED AMOUNT | C8: SANS 1200A
A9: 1.1.1 | B9: Nett price for the fulfilment of the Tender Requirements, Conditions of Contract and Performance Security/Security Bond. Performance
B10: Security to remain valid until date of issue of the Final Completion Certificate or within 28 days after expiry Defects Notification Period. | C10: 8.3.1 | D10: Sum | E10: 1 | G10: =E10*F10 -> 0
A11: 1.1.2 | B11: Insurance of the Works in the joint names of the Employer and Contractor, Insurance of the Construction Plant to its full replacement | G11: =E11*F11 -> 0
B12: value and Third Party Insurance | C12: 8.3.1 | D12: Sum | E12: 1 | G12: =E12*F12 -> 0
A13: 1.1.3 | B13: Site establishment, which includes site office, site store, laydown area, temporary housing, security fence, sanitary, toilets, obtaining | G13: =E13*F13 -> 0
B14: water, electrical connection, etc. | C14: 8.3.2.2a) | D14: Sum | E14: 1 | G14: =E14*F14 -> 0
A15: 1.1.4 | B15: Site survey / Setting out of works by a qualified land surveyor i.e. substation yard, access roads, buildings, cable routes inc. multiple | G15: =E15*F15 -> 0
B16: reinstating of pegs during construction and reinstating of pegs following completion | C16: 5.1.1 | D16: Sum | E16: 1 | G16: =E16*F16 -> 0
A17: 1.1.5 | B17: Reinstating of missing S.G. pegs prior to construction of any works and obtaining Surveyors Certificate of Compliance by a | G17: =E17*F17 -> 0
B18: Professional Land Surveyor | C18: 5.1.2 | D18: Sum | E18: 1 | G18: =E18*F18 -> 0
A19: 1.1.6 | B19: Determining and locating of existing services as well as management of wayleaves throughout the delivery of the works | C19: 8.3.3 | D19: Sum | E19: 1 | G19: =E19*F19 -> 0
A20: 1.1.7 | B20: Erecting of temporary obstructions and barricades | C20: 8.3.3 | D20: Sum | E20: 1 | G20: =E20*F20 -> 0
A21: 1.1.8 | B21: CONSTRUCTION NOTICE BOARD ( mm. 2600 X 1600) | C21: 8.3.2.1c) | D21: Each | E21: 2 | G21: =E21*F21 -> 0
A22: 1.1.9 | B22: Cleaning of the site, removal of all refuse, rubble, rock, etc. prior to handing over of every phase | C22: 8.3.4 | D22: Sum | E22: 1 | G22: =E22*F22 -> 0
A23: 1.1.10.1 | B23: Obtaining access to the Eskom Website (//scot.eskom.co.za) for access to the relevant Eskom Standards and compile a site manual
B24: complete with all relevant Eskom DT drawings. | C24: 8.3.3 | D24: Prov Sum | E24: 1 | G24: =E24*F24 -> 0
A25: 1.1.10.2 | B25: Overheads, charges and profit on above (Maximum of 10 % allowed) | D25: % | E25: 0.1 | G25: =G24*E25 -> 0
A26: 1.1.11 | B26: Tools, material, safety clothing, and the appropriate PPE for the labourers (incl. local labourers) to conduct | G26: =E26*F26 -> 0
B27: their work in accordance with safety requirements | C27: 8.3.2.2f) | D27: Sum | E27: 1 | G27: =E27*F27 -> 0
A28: 1.1.12 | B28: Medical evaluation and induction cost for all staff | C28: 8.3.3 | D28: Sum | E28: 1 | G28: =E28*F28 -> 0
A29: 1.1.13 | B29: As built drawings and manuals (5 x sets). As builts to include surveying of the works by a qualified surveyor, i.e. MV and LV | G29: =E29*F29 -> 0
B30: conductors, equipment positions and any relevant site information (drawings to be issued in CAD format) | C30: 8.3.3 | D30: Sum | E30: 1 | G30: =E30*F30 -> 0
A31: 1.1.14 | B31: Removal from site following completion of the Works. | C31: 8.3.4 | D31: Sum | E31: 1 | G31: =E31*F31 -> 0
A32: 1.1.15 | B32: Temporary removal from site for an undetermined period following completion of a section of the work and re-establishment to complete | G32: =E32*F32 -> 0
B33: the remainder of the Works | C33: 8.3.3 | D33: Sum | E33: 1 | G33: =E33*F33 -> 0
A34: 1.1.16 | B34: Compile a detailed Quality Control Program for construction activities. | C34: 8.3.3 | D34: Sum | E34: 1 | G34: =E34*F34 -> 0
A35: 1.1.17 | B35: SEQUENCE OF WORK | G35: =E35*F35 -> 0
B36: Allow adequately to adhere to Eskom / Municipalities switching procedures, obtaining and signing of permits, arranging outages, giving notices | C36: 8.3.3 | D36: Days | E36: 5 | G36: =E36*F36 -> 0
A37: 1.1.18 | B37: Provide all required PPE's to local labour on project | C37: 8.3.2.2f) | D37: Sum | E37: 1 | G37: =E37*F37 -> 0
G38: =E38*F38 -> 0
A39: 1.2 | B39: COMPLY WITH THE FOLLOWING SAFETY, HEALTH, ENVIRONMENTAL AND | G39: =E39*F39 -> 0
B40: QUALITY (SHEQ) REQUIREMENTS - FIXED AMOUNT | G40: =E40*F40 -> 0
A41: 1.2.1 | B41: Compile a Health and Safety Plan (H & S Plan) | C41: Section 5 C3.1.11.10 | D41: Sum | E41: 1 | G41: =E41*F41 -> 0
A42: 1.2.2 | B42: Compile a Risk Assessment for activities (RA) | C42: Section 5 C3.1.11.10 | D42: Sum | E42: 1 | G42: =E42*F42 -> 0
A43: 1.2.3 | B43: Comply with Environmental Management Plan (EMP), inclduing Eskom Specifications | C43: Section 5 C3.1.11.10 | D43: Sum | E43: 1 | G43: =E43*F43 -> 0
A44: 1.2.4 | B44: Submit proof of calibration of equipment e.g. Crimper, HV test apparatus etc. | C44: Section 5 C3.1.11.10 | D44: Sum | E44: 1 | G44: =E44*F44 -> 0
A45: 1.2.5 | B45: Compile a SHEQ File to also include all the above distinct sections | C45: Section 5 C3.1.11.10 | D45: Sum | E45: 1 | G45: =E45*F45 -> 0
A46: 1.2.6 | B46: Construction work notification and permit application (assist the Employer to obtain a construction permit) | C46: Section 5 C3.1.11.10 | D46: Sum | E46: 1 | G46: =E46*F46 -> 0
G47: =E47*F47 -> 0
A48: 1.3 | B48: TOTAL TIME RELATED COST BASED ON MONTHLY EXPENDITURE - ADJUSTABLE | G48: =E48*F48 -> 0
B49: WITH CONTRACT PERIOD | D49: Sum | E49: 1 | G49: =E49*F49 -> 0
B50: The running cost of the project related to the contract period, which will also be used to adjust the cost if an event occurs that becomes the | G50: =E50*F50 -> 0
B51: Employers Risk: | G51: =E51*F51 -> 0
A52: 1.3.1 | B52: Head office overhead cost and contractual obligations | C52: 8.4.4 | D52: Month | E52: 12 | G52: =E52*F52 -> 0
A53: 1.3.2 | B53: Site overhead cost | C53: 8.4.3 | D53: Month | E53: =E52 -> 12 | G53: =E53*F53 -> 0
A54: 1.3.3 | B54: Material-store cost on site | C54: 8.4.2.2a) | D54: Month | E54: =E53 -> 12 | G54: =E54*F54 -> 0
A55: 1.3.4 | B55: Material-store cost off site | C55: 8.4.2.2a) | D55: Month | E55: =E54 -> 12 | G55: =E55*F55 -> 0
A56: 1.3.5 | B56: Maintenance of setting out of the works by a qualified surveyor | C56: 8.4.5 | D56: Month | E56: =E55 -> 12 | G56: =E56*F56 -> 0
A57: 1.3.6 | B57: Contracts Manager/ Contractor's Representative : Office and Site based | C57: 8.4.4 | D57: Month | E57: =E56 -> 12 | G57: =E57*F57 -> 0
A58: 1.3.7 | B58: Health, Safety and Environmental Officer | C58: 8.4.3 | D58: Month | E58: =E57 -> 12 | G58: =E58*F58 -> 0
A59: 1.3.8 | B59: Site Supervisor / Planner : Office and Site based | C59: 8.4.3 | D59: Month | E59: =E58 -> 12 | G59: =E59*F59 -> 0
A60: 1.3.9 | B60: Site Agent and SHE Representative: Site based | C60: 8.4.3 | D60: Month | E60: =E59 -> 12 | G60: =E60*F60 -> 0
A61: 1.3.10 | B61: Comply with SHEQ requirements by Safety Officer e.g. regular review and update of Health and Safety File | C61: 8.4.3 | D61: Month | E61: =E60 -> 12 | G61: =E61*F61 -> 0
A62: 1.3.11 | B62: Site offices cost , including ablution facilities, site administration, transport, accommodation etc. | C62: 8.4.2.2a) | D62: Month | E62: =E61 -> 12 | G62: =E62*F62 -> 0
A63: 1.3.12 | B63: Periodic medical, fitness and induction costs | C63: 8.4.5 | D63: Month | E63: =E62 -> 12 | G63: =E63*F63 -> 0
A64: 1.3.13 | B64: Security for site camp and work on site | C64: 8.4.5 | D64: Month | E64: =E63 -> 12 | G64: =E64*F64 -> 0
... A67: 1.3.14.2 | B67: Community Liaison Officer (R 5 500.00 p/month) | C67: 8.4.5 | D67: Month | E67: =E66 -> 12 | G67: =E67*F67 -> 0
A68: 1.3.14.3 | B68: Overheads, charges and profit on item 1.3.14.2 (Maximum of 10 % allowed) | D68: % | E68: 0.1 | G68: =G67*E68 -> 0
A69: 1.3.14.4 | B69: Community liaison and communication (R 500/month) | C69: 8.4.5 | D69: Month | E69: =E67 -> 12 | G69: =E69*F69 -> 0
A70: 1.3.14.5 | B70: Overheads, charges and profit on item 1.3.14.4 (Maximum of 10 % allowed) | D70: % | E70: 0.1 | G70: =G69*E70 -> 0
A71: 1.3.14.6 | B71: Employment of EPWP workers for the duration of the project (10 EPWP Workers at R 140.85 p/day per worker) | C71: 8.4.5 | D71: Month | E71: =E69 -> 12 | G71: =E71*F71 -> 0
A72: 1.3.14.7 | B72: Overheads, charges and profit on item 1.3.14.6 (Maximum of 10 % allowed) (Management of EPWP workers). | D72: % | E72: 0.1 | G72: =G71*E72 -> 0
A73: 1.3.14.6 | B73: Training of semi-skilled labourers | C73: 8.4.5 | D73: Month | E73: =E71 -> 12 | G73: =E73*F73 -> 0
G74: =E74*F74 -> 0
A75: 1.4 | B75: COMPLY WITH THE FOLLOWING SHEQ REQUIREMENTS- TIME RELATED | G75: =E75*F75 -> 0
A76: 1.4.1 | B76: Monthly review and update the Health and Safety Plan (H & S Plan) | C76: Section 5 C3.1.11.10 | D76: Month | E76: =E73 -> 12 | G76: =E76*F76 -> 0
A77: 1.4.2 | B77: Monthly review and update the Risk Assessment for activities (RA) | C77: Section 5 C3.1.11.10 | D77: Month | E77: =E76 -> 12 | G77: =E77*F77 -> 0
A78: 1.4.3 | B78: Monthly review and update the Environmental Management Plan (EMP) | C78: Section 5 C3.1.11.10 | D78: Month | E78: =E77 -> 12 | G78: =E78*F78 -> 0
G79: =E79*F79 -> 0
A80: 1.5 | B80: ITEMS NOT COVERED ELSEWHERE | G80: =E80*F80 -> 0
A81: 1.5.1 | B81: Provisonal Amount allow for additional works instructed by the Engineer and Employer | D81: Prov Sum | E81: 1 | F81: 2000000 | G81: =E81*F81 -> 2000000
A82: 1.5.2 | B82: Supply a temporary Miniature Substation (MSS) and remove following completion. Cut into existing 300mm² 11kV cable and terminate | G82: =E82*F82 -> 0
B83: to the temporary MSS to supply auxiliary LV power to all construction activities including other contractors. | C83: 8.4.2.2g) | D83: Sum | E83: 1 | F83: 100000 | G83: =E83*F83 -> 100000
A84: 1.5.3 | B84: Construction lights to be provided prior to starting of the civil works for security purposes. All equipment and labour to be provided for | G84: =E84*F84 -> 0
B85: by the contractor including the temporary lights which shall be sufficient enough to light up the entire proposed site. Temporary fencing to | G85: =E85*F85 -> 0
B86: to be installed around the site, fence and lights to be removed following completion. | C86: 8.4.2.2g) | D86: Sum | E86: 1 | G86: =E86*F86 -> 0
B100: SUBTOTAL CARRIED TO ITEM 1 OF SUMMARY

Sheet LIST C - EARTHMAT
A1: BILL OF QUANTITIES
A2: SAVANNA CITY 88kV SWITCHING STATION - ESKOM
A3: LIST C: EARTHMAT
A5: ITEM | B5: DESCRIPTION | C5: REF. | D5: UNIT | E5: Eskom QTY | F5: UNIT LABOUR RATE | G5: UNIT MATERIAL RATE | H5: TOTAL
A6: 3 | B6: INSTALLATION OF EARTH GRID | C6: D-DT
B7: METHOD: Earth grid to be excavated and installed when the terrace / platform is 700 below finished level (i.e. 300 mm soil above earth grid). Grid to be clearly marked with beacons following the installation. Tails to be excavated and installed following completion of the terrace.
A8: 3.1 | B8: Setting out and maintaining of longitudinal and transverse stakes indicating earth grid layout & level | D8: Sum | E8: 1 | H8: =(F8+G8)*E8 -> 0
A10: 3.2 | B10: Supply and install complete earth grid as per earth grid drawing. | C10: 5240
B11: Note: Copper quantified is for the earth grid only, and not for the earthing of the hold-down bolts. Copper for holding down bolts to be priced and allowed for with the foundations.
A12: 3.2.1 | B12: 10 mm dia. round Copper main earth grid 1m below final level - excavation after terrace completion not allowed. | C12: 6044 | D12: m | E12: 0 | H12: =(F12+G12)*E12 -> 0
A13: 3.2.2 | B13: 10 mm dia. Copper equivalent CAMO CCS | D13: m | E13: 0 | H13: =(F13+G13)*E13 -> 0
A14: 3.2.3 | B14: 150 mm² Copper Equivalent CAMO CCS | D14: m | E14: 10 | H14: =(F14+G14)*E14 -> 0
A15: 3.2.4 | B15: 50 mm x 3 mm flat copper for earth tails connected to the earth grid and equipment foundation. | C15: 6045 | D15: m | E15: =ROUND(305+305*0.05,0) -> 320 | H15: =(F15+G15)*E15 -> 0
A16: 3.2.5 | B16: 50 mm x 3 mm flat copper for earth tails to the fence and fence corner gate post (CGP). | C16: 6045 | D16: m | E16: =23+23*1 -> 46 | H16: =(F16+G16)*E16 -> 0
A17: 3.2.6 | B17: 50 mm x 3 mm flat copper for earthing and earth-tails for building earthing of panels. This earthing should run in the cable trench / cable rack. | C17: 6045 | D17: m | E17: 25 | H17: =(F17+G17)*E17 -> 0
A18: 3.2.7 | B18: Sacrificial earth anode | C18: 5240s11 | D18: Each | E18: 2 | H18: =(F18+G18)*E18 -> 0
A19: 3.2.8 | B19: 1 x 16mm dia, 2m deep earth spike | D19: Each | E19: 0 | H19: =(F19+G19)*E19 -> 0
A20: 3.2.9 | B20: 2 x 16mm dia, 2m deep earth spike in a 100mm predrilled hole and backfilled with conductive concrete | D20: Each | E20: 0 | H20: =(F20+G20)*E20 -> 0
A21: 3.2.10 | B21: 2 x 16mm dia, 30m deep earth spike in a 100mm predrilled hole and backfilled with conductive concrete | D21: Each | E21: 0 | H21: =(F21+G21)*E21 -> 0
A22: 3.2.11 | B22: 1 x 10mm dia, 5m deep earth rod in a 200mm predrilled hole and backfilled with a Bentonite slurry mixture | D22: Each | E22: 0 | H22: =(F22+G22)*E22 -> 0
A23: 3.2.12 | B23: Transformer earthing
B24: a) Plinth reinforcing steel bound to earth mat | C24: 5240s10 | D24: Each | E24: 0 | H24: =(F24+G24)*E24 -> 0
B25: b) Transformer earthing bars. To be done after the transformer is installed to confirm the correct size and shape | C25: 5231 | D25: m | E25: 0 | H25: =(F25+G25)*E25 -> 0
B26: c) 80 mm x 6 mm galvanised steel earth strap (to be measured and bent on site) | C26: 5232 | D26: Each | E26: 0 | H26: =(F26+G26)*E26 -> 0
A27: 3.2.13 | B27: Building reinforcing and gate ramp reinforcing bonded to main earth grid | C27: 5240s10 | D27: Each | E27: 5 | H27: =(F27+G27)*E27 -> 0
A28: 3.2.14 | B28: Equal potential foot plates | D28: Each | E28: 10 | H28: =(F28+G28)*E28 -> 0
A29: 3.2.15 | B29: Insulated Earth 10 mm Round to earth bar inside buildings (to pass through Roxtec) | D29: m | E29: 0 | H29: =(F29+G29)*E29 -> 0
A30: 3.2.16 | B30: HV control room & control panels' earthing | D30: Sum | E30: 1 | H30: =(F30+G30)*E30 -> 0
A31: 3.2.17 | B31: Load control, MV control room & MV switch rooms earthing | D31: Sum | E31: 0 | H31: =(F31+G31)*E31 -> 0
A33: 3.3 | B33: Joints and bonding - all foundation copper to main earth grid
A34: 3.3.1 | B34: Main earth grid bonding 10 mm round to 10 mm round. | C34: 5240 | D34: Each | E34: 0 | H34: =(F34+G34)*E34 -> 0
A35: 3.3.2 | B35: Main earth bonding to earth tails diameter 10 mm to 50 x 3 mm flat. | D35: Each | E35: =SUM(E15) -> 320 | H35: =(F35+G35)*E35 -> 0
A36: 3.3.3 | B36: Flat tail bonding 50 x 3 mm to 50 x 3 mm (foundations) | C36: 5240s1-2 | D36: Each | E36: 31 | H36: =(F36+G36)*E36 -> 0
A37: 3.3.4 | B37: Flat tail bonding 50 x 3 mm to equal potential foot plates | C37: 5240s1-3, 5, 6, 7, 8 | D37: Each | E37: 20 | H37: =(F37+G37)*E37 -> 0
A38: 3.3.5 | B38: Flat tail bonding 50 x 3 mm to fence and corner gate post. | D38: Each | E38: 23 | H38: =(F38+G38)*E38 -> 0
A39: 3.3.6 | B39: Earthing of VT's to be 40 mm x 3 mm Flat Mild Steel Straps | C39: 5240s1-2,9 | D39: Each | E39: =9*2 -> 18 | H39: =(F39+G39)*E39 -> 0
A40: 3.3.7 | B40: Bonding of Eskom grid to Midvaal grid at the separation fence (10 mm to 10 mm) | D40: Each | E40: 19 | H40: =(F40+G40)*E40 -> 0
A42: 3.4 | B42: Excavation
A43: 3.4.1 | B43: Excavate, backfill and compaction of trenches for earthmat (1000 mm below finish level and 450 mm wide) for:
B44: i) 10 mm round copper. | D44: m | E44: 0 | H44: =(F44+G44)*E44 -> 0
B45: ii) 50 mm x 3 mm flat copper | D45: m | E45: =SUM(E15:E17) -> 391 | H45: =(F45+G45)*E45 -> 0
B46: Note: Excavation and backfill for earthing after completion of the substation terrace must be approved in writing by the Engineer.
A47: 3.4.2 | B47: Tails to be excavated and installed following completion of the terrace | D47: m | E47: =E45 -> 391 | H47: =(F47+G47)*E47 -> 0
A49: 3.5 | B49: Design and Testing
B50: It is the responsibility of the Substation Contractor to test the earth grid resistance on completion of the earth mat.
A51: 3.5.1 | B51: The results shall be certified by an independent third party and compared to the design values. | D51: Sum | E51: 0 | H51: =(F51+G51)*E51 -> 0
A52: 3.5.2 | B52: Investigation and recommendation by specialist if earth resistance measures > 1 Ω | D52: Sum | E52: 0 | H52: =(F52+G52)*E52 -> 0
B66: SUBTOTAL CARRIED TO ITEM 3 OF SUMMARY | H66: =SUM(H12:H65) -> 0

Sheet LIST D - SUBSTATION FENCING
A1: BILL OF QUANTITIES
A2: SAVANNA CITY 88kV SWITCHING STATION - ESKOM
A3: LIST D: SUBSTATION FENCING
A5: ITEM | B5: DESCRIPTION | C5: REF. | D5: UNIT | E5: Eskom QTY | F5: UNIT LABOUR RATE | G5: UNIT MATERIAL RATE | H5: TOTAL
A6: 4 | B6: SUBSTATION FENCING
B7: Supply and install new welded-mesh and electrical substation fence
A8: 4.1 | B8: Posts, 3.4m Taper Locking Post (85mm-45mm, depth:85mm) Including Locking Recess Mechanism, Posts sealed with a UV stabilized polymer cap, Galvanized coating | C8: VE1201-SUB-STL | D8: Each | E8: 94 | H8: =(F8+G8)*E8 -> 0
A9: 4.2 | B9: Posts for safety fence (1.8m) | C9: VE1201-SUB-STL | D9: Each | E9: 87 | H9: =(F9+G9)*E9 -> 0
A10: 4.3 | B10: Welded mesh Panels - 3.305m (w) x 2.4m (h), 4mm Ø as specified | C10: VE1201-SUB-STL | D10: m | E10: 169 | H10: =(F10+G10)*E10 -> 0
A11: 4.4 | B11: Shark Tooth Spike 100mm x 1.65m length Galvanized | C11: VE1201-SUB-STL | D11: m | E11: =E10 -> 169 | H11: =(F11+G11)*E11 -> 0
A12: 4.5 | B12: Welded mesh sliding gate 5 m opening | C12: VE1201-SUB-STL | D12: Each | E12: 0 | H12: =(F12+G12)*E12 -> 0
A13: 4.6 | B13: Welded mesh sliding gate 5.5 m opening | C13: VE1201-SUB-STL | D13: Each | E13: 4 | H13: =(F13+G13)*E13 -> 0
A14: 4.7 | B14: Welded mesh pedestrian gate 1.2 m | C14: VE1201-SUB-STL | D14: Each | E14: 1 | H14: =(F14+G14)*E14 -> 0
A15: 4.8 | B15: 5.00m Single Safety Sliding Gate as specified | C15: VE1201-SUB-STL | D15: Each | E15: 0 | H15: =(F15+G15)*E15 -> 0
A16: 4.9 | B16: 5.50m Single Safety Sliding Gate as specified | C16: VE1201-SUB-STL | D16: Each | E16: 0 | H16: =(F16+G16)*E16 -> 0
A17: 4.10 | B17: 1.20m Single Safety Swing Gate as specified | C17: VE1201-SUB-STL | D17: Each | E17: 0 | H17: =(F17+G17)*E17 -> 0
A18: 4.11 | B18: Post top electric fence above see-through fence - all auxiliary equipment to be included | C18: VE1201-SUB-STL | D18: m | E18: =E10 -> 169 | H18: =(F18+G18)*E18 -> 0
A19: 4.12 | B19: Piggyback Electric fence behind see-through fence panels from ground to top - all auxiliary equipment to be included (gates, etc.) | C19: VE1201-SUB-STL | D19: Sum | E19: 1 | H19: =(F19+G19)*E19 -> 0
A20: 4.13 | B20: Energizer, light / flasher and alarm output for ground-to-top and extended electric fence (separate Midvaal and Eskom) | D20: Each | E20: 1 | H20: =(F20+G20)*E20 -> 0
A21: 4.14 | B21: Supply and install new 1.8m diamond mesh (safety) separation / barrier fence c/w all auxiliary equipment | C21: 5237 | D21: m | E21: =144+60 -> 204 | H21: =(F21+G21)*E21 -> 0
A22: 4.15 | B22: Unit Rate: Additional cost (+) or saving (-) to use Eskom Standard Galvanized Palisade fencing in place of see-through fence | D22: Sum | E22: 1 | H22: =(F22+G22)*E22 -> 0
A23: 4.16 | B23: Fence anti-tunnelling | D23: m | E23: =E10 -> 169 | H23: =(F23+G23)*E23 -> 0
A24: 4.17 | B24: Supply and install a lockable diamond mesh personnel gate including dual locking system for access from both Eskom and Midvaal yard | D24: Each | E24: 1 | H24: =(F24+G24)*E24 -> 0
A26: 4.2 | B26: Labels
B27: Supply and install the following signs on the security fence:
A28: 4.2.1 | B28: Unauthorised Entry and Interfering | C28: 6072 / 5016 | D28: Each | E28: 6 | H28: =(F28+G28)*E28 -> 0
A29: 4.2.2 | B29: In case of fire | C29: 6073 / 5015 | D29: Each | E29: 1 | H29: =(F29+G29)*E29 -> 0
A30: 4.2.3 | B30: Prohibitive | C30: 6074 / 5017 | D30: Each | E30: 1 | H30: =(F30+G30)*E30 -> 0
A31: 4.2.4 | B31: Hard hat area | C31: 6075 / 5018 | D31: Each | E31: 1 | H31: =(F31+G31)*E31 -> 0
A32: 4.2.5 | B32: Gate number 1 to 4 (Midvaal) and 5 - 8 (Eskom) | C32: 5047 | D32: Each | E32: 4 | H32: =(F32+G32)*E32 -> 0
A33: 4.2.6 | B33: Battery room | C33: 6112 / 5022-1 | D33: Each | E33: 0 | H33: =(F33+G33)*E33 -> 0
A34: 4.2.7 | B34: Battery cabinet | C34: 6112 / 5022-2 | D34: Each | E34: 0 | H34: =(F34+G34)*E34 -> 0
A35: 4.2.8 | B35: Combined battery room | C35: 6113 / 5022-3 | D35: Each | E35: 0 | H35: =(F35+G35)*E35 -> 0
A36: 4.2.9 | B36: Substation name & owner at all gates i.e. "Eskom - Savanna City S/S", "Midvaal - Savanna City S/S" | D36: Each | E36: 6 | H36: =(F36+G36)*E36 -> 0
A37: 4.2.10 | B37: Danger signs to be installed on every second panel of fencing | C37: 5274 | D37: Sum | E37: 1 | H37: =(F37+G37)*E37 -> 0
B65: SUBTOTAL CARRIED TO ITEM 4 OF SUMMARY | H65: =SUM(H8:H64) -> 0

Sheet LIST E - CIVIL WORKS 
A1: BILL OF QUANTITIES
A2: SAVANNA CITY 88kV SWITCHING STATION - ESKOM
A3: LIST E: CIVIL WORKS
A5: ITEM | B5: DESCRIPTION | C5: REF. | D5: UNIT | E5: ESKOM QTY | F5: UNIT LABOUR RATE | G5: UNIT MATERIAL RATE | H5: TOTAL
A6: 5 | B6: CIVIL WORKS | C6: SANS 1200
A7: 5.1 | B7: General
A8: 5.1.1 | B8: Before starting the work the Contractor is to satisfy himself as to the accuracy of the Engineer’s drawing. All calculations will be based on this unless notified prior to site clearance and excavations commencing. | C8: 1200 A | D8: Sum | E8: 1 | H8: =(F8+G8)*E8 -> 0
A10: 5.2 | B10: Earthworks - Site Preparation | C10: 1200D
B11: Construct base with material from commercial sources: | C11: 8.3.4
A12: 5.2.1 | B12: Crushed dolomite in 150mm layers, 25mm maximum size | D12: m³ | E12: 545 | H12: =(F12+G12)*E12 -> 0
A14: 5.3 | B14: Precast concrete kerbing
B15: Excavate, supply, transport to site and install complete concrete kerbing (SABS 927 fig 7c kerb to edges of earthworks platform | C15: 8.2.1 | D15: m | E15: 0 | H15: =(F15+G15)*E15 -> 0
A17: 5.4 | B17: 7M Wide Concrete Gate Entrance
B18: Excavation | C18: 1200D
A19: 5.4.1 | B19: Note: Contractors are to note that the prices for the bulk excavations are to include for the formation of buttered banks required for lateral support and for ramps for the removal of excavated material and shall also include for all tests required.
A20: 5.4.2 | B20: Excavation and stockpile for use as backfill or embankment or dispose within a free haul distance of 5km, in all materials | C20: 8.3.2.1d | D20: m³ | E20: 8 | H20: =(F20+G20)*E20 -> 0
A21: 5.4.3 | B21: Backfill from stockpile | C21: 8.3.4
A22: 5.4.4 | B22: Rip and compaction of ground surface including scarifying for a depth of 150mm, breaking down oversize material where necessary and compacting to 90% Mod AASHTO | D22: m² | E22: 50 | H22: =(F22+G22)*E22 -> 0
B23: Importing of Materials from commercial sources | C23: 8.3.4
A24: 5.4.5 | B24: Selected Grade G5 material compacted in layers 150mm thick to 96% Mod AASHTO to a moisture content of +-2% of optimum, including MOD tests on the material to be used and submitted for the engineer's approval | D24: m³ | E24: 8 | H24: =(F24+G24)*E24 -> 0
A25: 5.4.6 | B25: Selected Grade G6 material compacted in layers 150mm thick to 93% Mod AASHTO to a moisture content of +-2% of optimum, including MOD tests on the material to be used and submitted for the engineer's approval | D25: m³ | E25: 8 | H25: =(F25+G25)*E25 -> 0
B26: Construct subbase with material from commercial sources: | C26: 1200ME
A27: 5.4.7 | B27: Selected Grade G5 material compacted in layers 150mm thick to 98% Mod AASHTO to a moisture content of +-2% of optimum, including MOD tests on the material to be used and submitted for the engineer's approval | C27: 8.3.3 | D27: m³ | E27: 8 | H27: =(F27+G27)*E27 -> 0
B28: Construct base with material from commercial sources: | C28: 1200MF
A29: 5.4.8 | B29: Selected Grade G5 material stabilized with and including 3% cement, compacted in layers 150mm thick to 98% Mod AASHTO to a moisture content of +-2% of optimum, including MOD tests on the material to be used and submitted for the engineer's approval | C29: 8.3.3d | D29: m³ | E29: 8 | H29: =(F29+G29)*E29 -> 0
B30: Concrete | C30: 1200G
B31: Rates for concrete to include for taking concrete samples and obtain test certificates for: (7, 14 & 28 days)
A32: 5.4.9 | B32: Rough formwork to edges | C32: 8.2.1 | D32: m | E32: 7 | H32: =(F32+G32)*E32 -> 0
A33: 5.4.10 | B33: Type 617 high tensile welded mesh | C33: 8.3.2 | D33: m² | E33: 100 | H33: =(F33+G33)*E33 -> 0
A34: 5.4.11 | B34: 35MPa concrete in roads | C34: 8.4.3.3a | D34: m³ | E34: 15 | H34: =(F34+G34)*E34 -> 0
A35: 5.4.12 | B35: Wood float finish | C35: 8.4.4a | D35: m² | E35: 50 | H35: =(F35+G35)*E35 -> 0
B36: Precast concrete
A37: 5.4.13 | B37: 450 x 300mm Concrete culvert underneath runway as per drawing | C37: 2-WT-1362 | D37: Each | E37: 10 | H37: =(F37+G37)*E37 -> 0
A39: 5.5 | B39: 12M Wide Concrete Gate Entrance (to be cast continuous with the Midvaal contractor)
B40: Excavation | C40: 1200D
B41: Note: Contractors are to note that the prices for the bulk excavations are to include for the formation of buttered banks required for lateral support and for ramps for the removal of excavated material and shall also include for all tests required.
A42: 5.5.1 | B42: Excavation and stockpile for use as backfill or embankment or dispose within a free haul distance of 5km, in all materials | C42: 8.3.2.1d | D42: m³ | E42: =13/2 -> 6.5 | H42: =(F42+G42)*E42 -> 0
A43: 5.5.2 | B43: Backfill from stockpile | C43: 8.3.4
A44: 5.5.3 | B44: Rip and compaction of ground surface including scarifying for a depth of 150mm, breaking down oversize material where necessary and compacting to 90% Mod AASHTO | D44: m² | E44: =84/2 -> 42 | H44: =(F44+G44)*E44 -> 0
B45: Importing of Materials from commercial sources | C45: 8.3.4
A46: 5.5.4 | B46: Selected Grade G5 material compacted in layers 150mm thick to 96% Mod AASHTO to a moisture content of +-2% of optimum, including MOD tests on the material to be used and submitted for the engineer's approval | D46: m³ | E46: =13/2 -> 6.5 | H46: =(F46+G46)*E46 -> 0
A47: 5.5.5 | B47: Selected Grade G6 material compacted in layers 150mm thick to 93% Mod AASHTO to a moisture content of +-2% of optimum, including MOD tests on the material to be used and submitted for the engineer's approval | D47: m³ | E47: =13/2 -> 6.5 | H47: =(F47+G47)*E47 -> 0
B48: Construct subbase with material from commercial sources: | C48: 1200ME
A49: 5.5.6 | B49: Selected Grade G5 material compacted in layers 150mm thick to 98% Mod AASHTO to a moisture content of +-2% of optimum, including MOD tests on the material to be used and submitted for the engineer's approval | C49: 8.3.3 | D49: m³ | E49: =13/2 -> 6.5 | H49: =(F49+G49)*E49 -> 0
B50: Construct base with material from commercial sources: | C50: 1200MF
A51: 5.5.7 | B51: Selected Grade G5 material stabilized with and including 3% cement, compacted in layers 150mm thick to 98% Mod AASHTO to a moisture content of +-2% of optimum, including MOD tests on the material to be used and submitted for the engineer's approval | C51: 8.3.3d | D51: m³ | E51: =13/2 -> 6.5 | H51: =(F51+G51)*E51 -> 0
B52: Concrete | C52: 1200G
B53: Rates for concrete to include for taking concrete samples and obtain test certificates for: (7, 14 & 28 days)
A54: 5.5.8 | B54: Rough formwork to edges | C54: 8.2.1 | D54: m | E54: =7/2 -> 3.5 | H54: =(F54+G54)*E54 -> 0
A55: 5.5.9 | B55: Type 617 high tensile welded mesh | C55: 8.3.2 | D55: m² | E55: =168/2 -> 84 | H55: =(F55+G55)*E55 -> 0
A56: 5.5.10 | B56: 35MPa concrete in roads | C56: 8.4.3.3a | D56: m³ | E56: =25/2 -> 12.5 | H56: =(F56+G56)*E56 -> 0
A57: 5.5.11 | B57: Wood float finish | C57: 8.4.4a | D57: m² | E57: =84/2 -> 42 | H57: =(F57+G57)*E57 -> 0
B58: Precast concrete
A59: 5.5.12 | B59: 450 x 300mm Concrete culvert underneath runway as per drawing | C59: 2-WT-1362 | D59: Each | E59: =7/2 -> 3.5 | H59: =(F59+G59)*E59 -> 0
A61: 5.6 | B61: Cable Trench Ramps | C61: D-DT-5254
B62: Excavation | C62: 1200D
B63: Note: Contractors are to note that the prices for the bulk excavations are to include for the formation of buttered banks required for lateral support and for ramps for the removal of excavated material and shall also include for all tests required.
A64: 5.6.1 | B64: Excavation and stockpile for use as backfill or embankment or dispose within a free haul distance of 5km, in all materials | C64: 8.3.2.1d | D64: m³ | E64: 12 | H64: =(F64+G64)*E64 -> 0
A65: 5.6.2 | B65: Backfill from stockpile | C65: 8.3.4
A66: 5.6.3 | B66: Rip and compaction of ground surface including scarifying for a depth of 150mm, breaking down oversize material where necessary and compacting to 90% Mod AASHTO | D66: m² | E66: 36 | H66: =(F66+G66)*E66 -> 0
B67: Concrete | C67: 1200G
B68: Rates for concrete to include for taking concrete samples and obtain test certificates for: (7, 14 & 28 days)
A69: 5.6.4 | B69: Rough formwork to edges | C69: 8.2.1 | D69: m | E69: 48 | H69: =(F69+G69)*E69 -> 0
A70: 5.6.5 | B70: Type 617 high tensile welded mesh | C70: 8.3.2 | D70: m² | E70: 72 | H70: =(F70+G70)*E70 -> 0
A71: 5.6.6 | B71: 25MPa concrete in Ramps | C71: 8.4.3.1a | D71: m³ | E71: 12 | H71: =(F71+G71)*E71 -> 0
A72: 5.6.7 | B72: Wood float finish | C72: 8.4.4a | D72: m² | E72: 36 | H72: =(F72+G72)*E72 -> 0
B73: Miscellaneous items: | C73: 8.8
A74: 5.6.8 | B74: 30 x 30 x 5mm Galvanised mild steel angle section and lugs cast in | C74: 8.8.12a | D74: kg | E74: 56 | H74: =(F74+G74)*E74 -> 0
A75: 5.6.9 | B75: 16mm Galvanised mild steel plate, cut to 850mm lengths (Type 1) | C75: 8.8.12b | D75: m² | E75: 12 | H75: =(F75+G75)*E75 -> 0
A76: 5.6.10 | B76: 16mm Galvanised mild steel plate, cut to 1050mm lengths (Type 3) | C76: 8.8.12c | D76: m² | E76: 0 | H76: =(F76+G76)*E76 -> 0
A78: 5.7 | B78: Foundations / Plinths | C78: 1200LC
B79: General rules applicable to casting of concrete: cast below 35°C; use wood shuttering as far as possible; use slow curing concrete; use low shrinkage concrete.
B80: Concrete maximum shrinkage, stress and modulus of elasticity obtainable from the Civil Engineer's drawing / specification.
B81: Excavate, supply, dispose of waste and cast complete concrete foundations with holding down bolts, fdn, internal earthing and earth connections detailed in the drawings:
B82: Rates for concrete to include for taking concrete samples and obtain test certificates for: (7, 14 & 28 days)
A83: 5.7.1 | B83: 132kV Circuit breaker support foundation | C83: D-DT-5200s1A | D83: Each | E83: 4 | H83: =(F83+G83)*E83 -> 0
A84: 5.7.2 | B84: 132kV Isolator support & surge arrestor foundation | C84: D-DT-5202s1A | D84: Each | E84: 2 | H84: =(F84+G84)*E84 -> 0
A85: 5.7.3 | B85: 132kV Isolator support foundation | C85: D-DT-5202s1A | D85: Each | E85: 8 | H85: =(F85+G85)*E85 -> 0
A86: 5.7.4 | B86: 22kV Isolator support foundation | C86: D-DT-5205s1A | D86: Each | E86: 0 | H86: =(F86+G86)*E86 -> 0
A87: 5.7.5 | B87: Medium equipment support foundation (current transformer) | C87: D-DT-5206s1A | D87: Each | E87: 12 | H87: =(F87+G87)*E87 -> 0
A88: 5.7.6 | B88: Medium equipment support foundation (voltage transformer) | C88: D-DT-5206s1A | D88: Each | E88: 6 | H88: =(F88+G88)*E88 -> 0
A89: 5.7.7 | B89: Medium equipment support foundation (power VT) | C89: D-DT-5206s1A | D89: Each | E89: 3 | H89: =(F89+G89)*E89 -> 0
A90: 5.7.8 | B90: Single lattice busbar support foundation | C90: D-DT-5206s1A | D90: Each | E90: 6 | H90: =(F90+G90)*E90 -> 0
A91: 5.7.9 | B91: NECRT support foundation | C91: D-DT-5207s1A | D91: Each | E91: 0 | H91: =(F91+G91)*E91 -> 0
A92: 5.7.10 | B92: MV cable end support foundation | C92: D-DT-5213s1A | D92: Each | E92: 0 | H92: =(F92+G92)*E92 -> 0
A93: 5.7.11 | B93: 14m Lightning/lighting mast foundation | C93: D-DT-5217s1B | D93: Each | E93: 6 | H93: =(F93+G93)*E93 -> 0
A94: 5.7.12 | B94: 22kV Road crossing foundation | C94: D-DT-5221s1A | D94: Each | E94: 0 | H94: =(F94+G94)*E94 -> 0
... A96: 5.7.14 | B96: 88/11kV 20MVA Transformer plinth | C96: D-DT-5232s2 | D96: Each | E96: 0 | H96: =(F96+G96)*E96 -> 0
A97: 5.7.15 | B97: Fence foundations, 400 x 400 x 600mm deep | C97: D-DT-5237 | D97: Each | E97: ='LIST D - SUBSTATION FENCING'!E8+'LIST D - SUBSTATION FENCING'!E9 -> 181 | H97: =(F97+G97)*E97 -> 0
A98: 5.7.16 | B98: 132kV Standard steelwork column foundation | C98: D-DT-5252s1A | D98: Each | E98: 4 | H98: =(F98+G98)*E98 -> 0
A99: 5.7.17 | B99: AC yard board | C99: D-DT-5276s1A | D99: Each | E99: 1 | H99: =(F99+G99)*E99 -> 0
A100: 5.7.18 | B100: Eskom / Midvaal interface box | C100: D-DT-5276s1A | D100: Each | E100: 1 | H100: =(F100+G100)*E100 -> 0
A101: 5.9.19 | B101: Sump Controller | C101: D-DT-5276s1A | D101: Each | E101: 0 | H101: =(F101+G101)*E101 -> 0
A102: 5.9.20 | B102: Wooden templates for the above holding down bolts - to be approved prior to foundation construction | D102: Sum | E102: 1 | H102: =(F102+G102)*E102 -> 0
A103: 5.9.21 | B103: Transformer bay fire brick wall | C103: D-DT-5275 | D103: Each | E103: 0 | H103: =(F103+G103)*E103 -> 0
A105: 5.8 | B105: Cable Ducts and Rovers | C105: 1200LC
B106: Excavate in all material, supply, dispose of waste and cast/erect complete concrete walls c/w covers detailed in the drawings:
B107: NOTE: Brick built trench walls will not be considered or accepted, 1.2m.K/W bedding to be used for power cables
A108: 5.8.1 | B108: Complete 750 mm wide cable trenches as per drawing | C108: 5254 | D108: m | E108: 85 | H108: =(F108+G108)*E108 -> 0
A109: 5.8.2 | B109: Complete 1500 mm wide cable trenches as per drawing | C109: 5254 | D109: m | E109: 14 | H109: =(F109+G109)*E109 -> 0
...

Sheet LIST F - BUILDING
A1: BILL OF QUANTITIES
A2: SAVANNA CITY 88kV SWITCHING STATION - ESKOM
A3: LIST F: BUILDINGS
A5: ITEM | B5: DESCRIPTION | C5: REF | D5: UNIT | E5: QUANTITY | F5: UNIT LABOUR RATE | G5: UNIT MATERIAL RATE | H5: TOTAL
A6: 6 | B6: ESKOM BUILDINGS
A7: 6.1 | B7: FOUNDATIONS - EXCAVATION, FILLING, ETC
A8: 6.1.1 | B8: EXCAVATIONS
B9: Excavation in earth not exceeding 2m deep
A10: 6.1.1.1 | B10: Reduced levels under floors | D10: m³ | E10: 4 | H10: =(F10+G10)*E10 -> 0
A11: 6.1.1.2 | B11: Trenches | D11: m³ | E11: 27 | H11: =(F11+G11)*E11 -> 0
A12: 6.1.1.3 | B12: Service trenches | D12: m³ | E12: 0 | H12: =(F12+G12)*E12 -> 0
A13: 6.1.1.4 | B13: Cable entry trenches | D13: m³ | E13: 0 | H13: =(F13+G13)*E13 -> 0
A14: 6.1.1.5 | B14: Sumps | D14: m³ | E14: 0 | H14: =(F14+G14)*E14 -> 0
B15: Back excavation of vertical sides of excavations in earth for working space including backfilling compacted to 95% Mod AASHTO density | H15: =IF(E15="","",E15*F15)
A16: 6.1.1.6 | B16: Not exceeding 500mm deep for placing and removing formwork to walls etc. | D16: m² | E16: 0 | H16: =(F16+G16)*E16 -> 0
A17: 6.1.1.7 | B17: Exceeding 500mm and not exceeding 1000mm deep for placing and removing formwork to walls etc. | D17: m² | E17: 0 | H17: =(F17+G17)*E17 -> 0
A18: 6.1.1.8 | B18: Exceeding 1000mm and not exceeding 1500mm deep for placing and removing formwork to walls etc. | D18: m² | E18: 0 | H18: =(F18+G18)*E18 -> 0
B19: Extra over trench and hole excavations in earth for excavation in | H19: =IF(E19="","",E19*F19)
A20: 6.1.1.9 | B20: Soft rock | D20: m³ | E20: 3 | H20: =(F20+G20)*E20 -> 0
A21: 6.1.1.10 | B21: Hard rock | D21: m³ | E21: 1 | H21: =(F21+G21)*E21 -> 0
B22: Extra over all excavations for carting away | H22: =IF(E22="","",E22*F22)
A23: 6.1.1.11 | B23: Surplus material from excavations and/or stock piles on site, to a dumping site to be located by the contractor | D23: m³ | E23: 0 | H23: =(F23+G23)*E23 -> 0
B24: Risk of collapse of excavations | H24: =IF(E24="","",E24*F24)
A25: 6.1.1.12 | B25: Sides of trench and hole excavations not exceeding 1,5m deep | D25: m² | E25: 96 | H25: =(F25+G25)*E25 -> 0
B26: Keeping excavations free of water | H26: =IF(E26="","",E26*F26)
A27: 6.1.1.13 | B27: Keeping excavations free of all water other than subterranean water | D27: Item | E27: 1 | H27: =(F27+G27)*E27 -> 0
A29: 6.1.2 | B29: FILLING ETC | H29: =IF(E29="","",E29*F29)
B30: Earth filling obtained from the excavations and/or prescribed stock piles on site, compacted to 93% Mod AASHTO density | H30: =IF(E30="","",E30*F30)
A31: 6.1.2.1 | B31: Under floors, steps, paving's, etc. | D31: m³ | E31: 21 | H31: =(F31+G31)*E31 -> 0
A32: 6.1.2.2 | B32: Backfilling to trenches, holes, etc. | D32: m³ | E32: 10 | H32: =(F32+G32)*E32 -> 0
B33: Selected Grade G6 filling material supplied by the contractor, compacted in layers of 150mm to 93% Mod AASHTO density | H33: =IF(E33="","",E33*F33)
A34: 6.1.2.3 | B34: Under floors, steps, paving's, etc. | D34: m³ | E34: 1 | H34: =(F34+G34)*E34 -> 0
A35: 6.1.2.4 | B35: Backfilling to trenches, holes, etc. | D35: m³ | E35: 1 | H35: =(F35+G35)*E35 -> 0
B36: Selected Grade G4 filling material supplied by the contractor, compacted in layers of 150mm to 93% Mod AASHTO density
A37: 6.1.2.5 | B37: Under floors, steps, paving's, etc. | D37: m³ | E37: 1 | H37: =(F37+G37)*E37 -> 0
B38: Coarse river sand filling supplied by the contractor
A39: 6.1.2.6 | B39: Clean, washed river sand layer evenly spread over filling (elsewhere), levelled, watered and rammed to receive waterproof membrane (elsewhere) under solid floors | D39: m³ | E39: 5 | H39: =(F39+G39)*E39 -> 0
A40: 6.1.2.7 | B40: In floor ducts and service channels | D40: m³ | E40: 0 | H40: =(F40+G40)*E40 -> 0
B41: Compaction of surfaces | H41: =IF(E41="","",E41*F41)
A42: 6.1.2.8 | B42: Compaction of ground surface under floors etc. including scarifying for a depth of 150mm, breaking down oversize material, adding suitable material where necessary and compacting to 98% Mod AASHTO density | D42: m² | E42: 92 | H42: =(F42+G42)*E42 -> 0
A43: 6.1.2.9 | B43: Ditto, to trenches | D43: m² | E43: 20 | H43: =(F43+G43)*E43 -> 0
B44: Prescribed density tests on filling | H44: =IF(E44="","",E44*F44)
A45: 6.1.2.10 | B45: "Modified AASHTO Density" test | D45: No | E45: 2 | H45: =(F45+G45)*E45 -> 0
A47: 6.1.3 | B47: SOIL POISONING | H47: =IF(E47="","",E47*F47)
B48: Soil insecticide in accordance with SANS 5859 | H48: =IF(E48="","",E48*F48)
A49: 6.1.3.1 | B49: Under floors etc. including forming and poisoning shallow furrows against foundation walls etc., filling in furrows and ramming | D49: m² | E49: 92 | H49: =(F49+G49)*E49 -> 0
A50: 6.1.3.2 | B50: To bottoms and sides of trenches etc. | D50: m² | E50: 20 | H50: =(F50+G50)*E50 -> 0
A52: 6.1.4 | B52: CONCRETE | H52: =IF(E52="","",E52*F52)
B53: UNREINFORCED CONCRETE | H53: =IF(E53="","",E53*F53)
B54: 25MPa/19mm concrete | H54: =IF(E54="","",E54*F54)
A55: 6.1.4.1 | B55: Ramps to cable entries | D55: m³ | E55: 0 | H55: =(F55+G55)*E55 -> 0
B56: REINFORCED CONCRETE | H56: =IF(E56="","",E56*F56)
A57: 6.1.4.2 | B57: 25MPa/19mm concrete | H57: =IF(E57="","",E57*F57)
A58: 6.1.4.3 | B58: Strip footings | D58: m³ | E58: 6 | H58: =(F58+G58)*E58 -> 0
A59: 6.1.4.4 | B59: Bases | D59: m³ | E59: 0 | H59: =(F59+G59)*E59 -> 0
A60: 6.1.4.5 | B60: Walls (See details for cable entries) | D60: m³ | E60: 0 | H60: =(F60+G60)*E60 -> 0
B61: TEST CUBES | H61: =IF(E61="","",E61*F61)
A62: 6.1.4.6 | B62: Making and testing 150 x 150 x 150mm concrete strength test cube | D62: No | E62: 1 | H62: =(F62+G62)*E62 -> 0
A64: 6.1.5 | B64: ROUGH FORMWORK (DEGREE OF ACCURACY II) | H64: =IF(E64="","",E64*F64)
B65: Rough formwork to sides | H65: =IF(E65="","",E65*F65)
A66: 6.1.5.1 | B66: Walls | D66: m² | E66: 0 | H66: =(F66+G66)*E66 -> 0
B67: Rough formwork to form
A68: 6.1.5.2 | B68: Opening not exceeding 1m girth through 100mm wall for "Roxtec" seals (seals measured elsewhere) | D68: No | E68: 0 | H68: =(F68+G68)*E68 -> 0
A70: 6.1.6 | B70: REINFORCEMENT | H70: =IF(E70="","",E70*F70)
B71: Mild steel reinforcement to structural concrete work | H71: =IF(E71="","",E71*F71)
A72: 6.1.6.1 | B72: 8mm Diameter bars | D72: Ton | E72: 0.1 | H72: =(F72+G72)*E72 -> 0
A73: 6.1.6.2 | B73: 10mm Diameter bars | D73: Ton | E73: 0.07 | H73: =(F73+G73)*E73 -> 0
B74: High tensile steel reinforcement to structural concrete work | H74: =IF(E74="","",E74*F74)
A75: 6.1.6.3 | B75: 12mm Diameter bars | D75: Ton | E75: 0.1 | H75: =(F75+G75)*E75 -> 0
A76: 6.1.6.4 | B76: 16mm Diameter bars | D76: Ton | E76: 0.15 | H76: =(F76+G76)*E76 -> 0
A78: 6.1.7 | B78: BRICKWORK | H78: =IF(E78="","",E78*F78)
B79: Brickwork of NFP clay bricks in class II mortar | H79: =IF(E79="","",E79*F79)
A80: 6.1.7.1 | B80: Piers | D80: m³ | E80: 1 | H80: =(F80+G80)*E80 -> 0
A81: 6.1.7.2 | B81: 115mm Brick walls | D81: m² | E81: 0 | H81: =(F81+G81)*E81 -> 0
A82: 6.1.7.3 | B82: 230mm Brick walls | D82: m² | E82: 10 | H82: =(F82+G82)*E82 -> 0
A83: 6.1.7.4 | B83: 280mm Solid walls | D83: m² | E83: 44 | H83: =(F83+G83)*E83 -> 0
A85: 6.1.8 | B85: BRICKWORK SUNDRIES | H85: =IF(E85="","",E85*F85)
A86: 6.1.8.1 | B86: Splayed mortar fillets one course high in 50mm cavities | D86: m | E86: 25 | H86: =(F86+G86)*E86 -> 0
B87: Joint forming material in movement joints | H87: =IF(E87="","",E87*F87)
A88: 6.1.8.2 | B88: 10mm Expanded polystyrene (density 33kg per m3) built in vertically between brick skins | D88: m | E88: 0 | H88: =(F88+G88)*E88 -> 0
B89: 2,5mm Brickwork reinforcement | H89: =IF(E89="","",E89*F89)
A90: 6.1.8.3 | B90: 75mm Wide reinforcement built in horizontally | D90: m | E90: 5 | H90: =(F90+G90)*E90 -> 0
A91: 6.1.8.4 | B91: 150mm Wide reinforcement built in horizontally | D91: m | E91: 114 | H91: =(F91+G91)*E91 -> 0
B92: Prestressed fabricated concrete lintels including necessary temporary supports | H92: =IF(E92="","",E92*F92)
A93: 6.1.8.5 | B93: 100 x 75mm Lintels in lengths not exceeding 3m | D93: m | E93: 0 | H93: =(F93+G93)*E93 -> 0
B94: Galvanised hoop iron cramps, ties, etc. | H94: =IF(E94="","",E94*F94)
A95: 6.1.8.6 | B95: 30 x 1,6mm Wall tie 500mm long built into brickwork | D95: No | E95: 0 | H95: =(F95+G95)*E95 -> 0
A97: 6.1.9 | B97: FACE BRICKWORK | H97: =IF(E97="","",E97*F97)
B98: External face brickwork pointed with square recessed horizontal and vertical joints | H98: =IF(E98="","",E98*F98)
A99: 6.1.9.1 | B99: Extra over ordinary brickwork for facing and pointing in stretcher bond | D99: m² | E99: 12 | H99: =(F99+G99)*E99 -> 0
A101: 6.2 | B101: CONCRETE, FORMWORK AND REINFORCEMENT
A102: 6.2.1 | B102: UNREINFORCED CONCRETE
B103: 20MPa/19mm concrete
A104: 6.2.1.1 | B104: Steps | D104: m² | E104: 0.1 | H104: =(F104+G104)*E104 -> 0
A106: 6.2.2 | B106: REINFORCED CONCRETE
B107: 25MPa/19mm concrete | H107: =IF(E107="","",E107*F107)
A108: 6.2.2.1 | B108: Aprons | D108: m³ | E108: 2 | H108: =(F108+G108)*E108 -> 0
A109: 6.2.2.2 | B109: Ramps | D109: m³ | E109: 0 | H109: =(F109+G109)*E109 -> 0
A110: 6.2.2.3 | B110: Bottoms and sides of floor ducts | D110: m³ | E110: 0 | H110: =(F110+G110)*E110 -> 0
A111: 6.2.2.4 | B111: Bottoms and sides of sumps | D111: m³ | E111: 0 | H111: =(F111+G111)*E111 -> 0
...

Sheet LIST G - STEELWORK
A1: BILL OF QUANTITIES
A2: SAVANNA CITY 88kV SWITCHING STATION - ESKOM
A3: LIST G: STEELWORK
A5: ITEM | B5: DESCRIPTION | C5: REF. | D5: UNIT | E5: ESKOM QTY | F5: UNIT LABOUR RATE | G5: UNIT MATERIAL RATE | H5: TOTAL
A6: 7 | B6: ERECTION OF STEELWORK
A7: 7.1 | B7: Equipment Support
B8: Manufacture, supply and install equipment support for the following:
A9: 7.1.1 | B9: 132kV Steelwork 132/C Column & anti climbing | C9: DT5252-2A&F | D9: Each | E9: 4 | H9: =(F9+G9)*E9 -> 0
A10: 7.1.2 | B10: 132kV Steelwork 132/40/1 Beam | C10: DT5252-2D | D10: Each | E10: 2 | H10: =(F10+G10)*E10 -> 0
A11: 7.1.3 | B11: 132kV Steelwork Earth wire Support | C11: DT5252-2E | D11: Each | E11: 4 | H11: =(F11+G11)*E11 -> 0
A12: 7.1.4 | B12: 132 kV Isolator support with equal potential foot plates for switching (surge arrestors) | C12: 5202s2A | D12: Each | E12: 2 | H12: =(F12+G12)*E12 -> 0
A13: 7.1.5 | B13: 132 kV Isolator support surge arrestor extension arm | C13: 5219s4 | D13: Each | E13: 2 | H13: =(F13+G13)*E13 -> 0
A14: 7.1.6 | B14: 132 kV Isolator support with equal potential foot plates for switching | C14: 5202s2A | D14: Each | E14: 8 | H14: =(F14+G14)*E14 -> 0
A15: 7.1.7 | B15: 132 kV CT - 2.5m Medium Equipment Lattice Support | C15: 5206s2C | D15: Each | E15: 12 | H15: =(F15+G15)*E15 -> 0
A16: 7.1.8 | B16: 132 kV CT - Medium Equipment Lattice Support Cap "M1" | C16: 5206s2H | D16: Each | E16: =E15 -> 12 | H16: =(F16+G16)*E16 -> 0
A17: 7.1.9 | B17: 132 kV Circuit Breaker Support | C17: 5200s2A | D17: Each | E17: 2 | H17: =(F17+G17)*E17 -> 0
A18: 7.1.10 | B18: 88 kV VT & Power VT - 2.5m Medium Equipment Lattice Support | C18: 5206s2C | D18: Each | E18: 9 | H18: =(F18+G18)*E18 -> 0
A19: 7.1.11 | B19: 88 kV VT - Medium Equipment Lattice Support Cap "M1" | C19: 5206s2H | D19: Each | E19: =E18 -> 9 | H19: =(F19+G19)*E19 -> 0
A20: 7.1.12 | B20: Busbar - 132/66kV Tubular BB Twin Supports | C20: 5225s2 | D20: Each | E20: 4 | H20: =(F20+G20)*E20 -> 0
A21: 7.1.13 | B21: Busbar - 6m Medium Equipment Lattice Support | C21: 5206s2G | D21: Each | E21: 6 | H21: =(F21+G21)*E21 -> 0
A22: 7.1.14 | B22: Busbar - Medium Equipment Lattice Support Cap "M1" | C22: 5206s2H | D22: Each | E22: =E21 -> 6 | H22: =(F22+G22)*E22 -> 0
A23: 7.1.15 | B23: 132 / 11kV PI/CE Support | D23: Each | E23: 0 | H23: =(F23+G23)*E23 -> 0
A24: 7.1.16 | B24: 11 kV NECRT Support | C24: 5207s2A | D24: Each | E24: 0 | H24: =(F24+G24)*E24 -> 0
A25: 7.1.17 | B25: 22kV Road Crossing lattice support | C25: 5221s2 | D25: Set | E25: 0 | H25: =(F25+G25)*E25 -> 0
A26: 7.1.18 | B26: 22kV Isolator lattice support | C26: 5205s2A | D26: Each | E26: 0 | H26: =(F26+G26)*E26 -> 0
A27: 7.1.19 | B27: MV Cable Sealing End lattice support | C27: 5213s3 | D27: Each | E27: 0 | H27: =(F27+G27)*E27 -> 0
A28: 7.1.20 | B28: 14 m Lighting / Lighting mast including lighting attachment | C28: 5217s2B | D28: Each | E28: 6 | H28: =(F28+G28)*E28 -> 0
A29: 7.1.21 | B29: Power transformer cable rack - position is offer dependant and to be determined on site | C29: 5231s1C | D29: Each | E29: 0 | H29: =(F29+G29)*E29 -> 0
A30: 7.1.22 | B30: Sump Control box 1800x120mm - steel pole, fixtures & kiosk | C30: 5276s2A | D30: Each | E30: 0 | H30: =(F30+G30)*E30 -> 0
A31: 7.1.23 | B31: Oil Holding Dam Cover and trap door - size to vary | C31: 5234s1B rev | D31: Each | E31: 0 | H31: =(F31+G31)*E31 -> 0
A32: 7.1.24 | B32: Yard AC Distribution board and interface box - steel supports & kiosks | C32: 5276s2A | D32: Each | E32: 2 | H32: =(F32+G32)*E32 -> 0
A33: 7.1.25 | B33: Control cable racks in buildings - Cable ladders with brackets | C33: 6065 | D33: Sum | E33: 1 | H33: =(F33+G33)*E33 -> 0
B35: SUBTOTAL CARRIED TO ITEM 7 OF SUMMARY | H35: =SUM(H9:H33) -> 0

Sheet SUMMARY
A1: BILL OF QUANTITIES - SUMMARY
A2: ESKOM WORKS
A4: ITEM NO | B4: DESCRIPTION OF THE ITEM | C4: PAGE | D4: PRICE
A5: 1 | B5: ='LIST A - P&G'!A3 -> LIST A: PRELIMINARY AND GENERAL | D5: ='LIST A - P&G'!G100 -> 0
A6: 3 | B6: ='LIST C - EARTHMAT'!A3 -> LIST C: EARTHMAT | D6: ='LIST C - EARTHMAT'!H66 -> 0
A7: 4 | B7: ='LIST D - SUBSTATION FENCING'!A3 -> LIST D: SUBSTATION FENCING | D7: ='LIST D - SUBSTATION FENCING'!H65 -> 0
A8: 5 | B8: ='LIST E - CIVIL WORKS '!A3 -> LIST E: CIVIL WORKS | D8: ='LIST E - CIVIL WORKS '!H186 -> 0
A9: 6 | B9: ='LIST F - BUILDING'!A3 -> LIST F: BUILDINGS | D9: ='LIST F - BUILDING'!H440 -> 0
A10: 7 | B10: ='LIST G - STEELWORK'!A3 -> LIST G: STEELWORK | D10: ='LIST G - STEELWORK'!H35 -> 0
B11: SUBTOTAL A | D11: =SUM(D5:D10) -> 0
B12: Plus: Amount allowed for contingencies (10 % x Subtotal A)
B13: SUBTOTAL B
B14: Plus: 15 % VAT
B15: TOTAL TENDER PRICES (Incl VAT) (Carried forward to Page 2.2 of tender document)
A16: =CELL("filename") -> F:\_Midvaal\VE 1201-0 Savanna City SwS (Eskom)\T - TENDER\1 TENDER\[4B - BILL OF QUANTITIES 2025-07-09.xlsx]SUMMARY
